 Dungeon Crawl Stone Soup version 0.31-a0-1178-gc5c9b8f871 (webtiles) character file.

Game seed: 9352353926358456866

1423 bumbalina the Ruffian (level 8, 0/49 HPs)
             Began as an Octopode Shapeshifter on Dec 11, 2023.
             Engulfed by a cloud of steam (8 damage)
             ... on level 7 of the Dungeon.
             The game lasted 00:17:16 (6309 turns).

bumbalina the Ruffian (Octopode Shapeshifter)       Turns: 6309, Time: 00:17:17

Health: 0/49       AC:  1    Str: 15    XL:     8   Next: 72%
Magic:  9/9        EV: 13    Int: 12    God:
Gold:   335        SH:  0    Dex: 12    Spells: 7/9 levels left

rFire   . .          .
                       - Unarmed
rCold   + . .        (no shield)
rNeg    . . .        (helmet currently unavailable)
rPois   .            (no amulet)
rElec   .            w - ring of protection from cold
rCorr   .            (no ring)
SInv    .            (no ring)
Will    .....        (no ring)
Stlth   ++++         (no ring)
HPRegen 0.28/turn    (no ring)
MPRegen 0.11/turn    (no ring)
                     (no ring)

%: no passive effects
@: beast-form
A: beast (slay +2), almost no armour, amphibious, 8 rings, camouflage 1,
gelatinous body 1, (nimble swimmer 1), tentacles
a: Begin Untransformation


You were on level 7 of the Dungeon.
You were a hulking beast.
You visited 1 branch of the dungeon, and saw 7 of its levels.

You collected 395 gold pieces.
You spent 60 gold pieces at shops.

Inventory:

Jewellery
 w - a ring of protection from cold (left tentacle)
Talismans
 b - a beast talisman (active)
 c - a flux talisman
Wands
 x - a wand of iceblast (6)
Scrolls
 f - 4 scrolls of teleportation
 i - a scroll of revelation
 j - 4 scrolls of immolation
 k - 2 scrolls of enchant weapon
 l - a scroll of fog
 m - 4 scrolls of enchant armour
 n - 2 scrolls of fear
 p - 4 scrolls of noise
 q - 3 scrolls of poison
 u - a scroll of vulnerability
Potions
 a - a potion of lignification
 d - a potion of enlightenment {unknown}
 e - 2 potions of haste {unknown}
 g - 5 potions of curing {unknown}
 h - 2 potions of berserk rage {unknown}
 o - a potion of magic {unknown}
 r - a potion of attraction {unknown}
 s - a potion of invisibility {unknown}
 t - a potion of degeneration {unknown}
 v - 4 potions of brilliance {unknown}


   Skills:
 + Level 1.7 Fighting
 + Level 2.8 Dodging
 + Level 6.9 Stealth
 * Level 7.3 Unarmed Combat
 + Level 1.0 Spellcasting
 + Level 2.2 Summonings
 + Level 2.5 Translocations
 * Level 4.6 Shapeshifting


You had 7 spell levels left.
You knew the following spells:

 Your Spells              Type           Power      Damage    Failure   Level
a - Apportation           Tloc           12%        N/A       11%         1
b - Summon Small Mammal   Summ           20%        N/A       12%         1

Your spell library contained the following spells:

 Spells                   Type           Power      Damage    Failure   Level
 Lesser Beckoning         Tloc           12%        N/A       16%         2
 Call Imp                 Summ           10%        N/A       19%         2
 Magic Dart               Conj           0%         1d3       30%         1
 Necrotise                Necr           0%         1d4       30%         1
 Gell's Gravitas          Tloc           6%         N/A       32%         3
 Teleport Other           Tloc           6%         N/A       32%         3
 Mephitic Cloud           Conj/Pois/Air  0%         N/A       65%         3
 Tukima's Dance           Hex            0%         N/A       65%         3
 Passage of Golubria      Tloc           6%         N/A       71%         4
 Yara's Violent Unravell  Hex/Tmut       0%         3d3       100%        5


Dungeon Overview and Level Annotations

Branches:
Dungeon (7/15)
 Temple: D:4-7

Altars:
Kikubaaqudgha
Makhleb
Nemelex Xobeh
Trog
Uskayaw
Yredelemnul
The Shining One

Shops:
D:4 ?   D:6 =[=(

Annotations:
D:6 Menkaure


Innate Abilities, Weirdness & Mutations

You are a hulking beast.
Your limbs bulge with bestial killing power. (Slay +2)
You cannot wear most types of armour.
You are amphibious.
You can wear up to eight rings at the same time.
Your skin changes colour to match your surroundings (Stealth+).
Your rubbery body absorbs attacks. (AC +1, EV +1)
((You are camouflaged when in or above water. (Stealth+)))
You have tentacles for arms and can constrict up to eight enemies at once.


Message History

A wight comes into view. It is wielding a +1 halberd.
A wight comes into view. It is wielding a +0 spear.
Found 7 stones.
Found a basalt altar of Yredelemnul.
Things that are here:
a +0 robe; a +0 dagger
There is a stone staircase leading up here.
You climb upwards.
There is a stone staircase leading down here.
Things that are here:
a +0 ring mail; a +0 whip; a +0 hand axe
There is a stone staircase leading down here.
You climb downwards.
Level annotation: Menkaure
There is a stone staircase leading up here.
Unknown command.
There is a stone staircase leading down here.
You climb downwards.
There is a stone staircase leading up here.
There is a stone staircase leading down here.
The helpless steam dragon fails to defend itself.
You bludgeon the steam dragon! Your squeeze misses the steam dragon.
The steam dragon is moderately wounded.
The steam dragon bites you! The steam dragon claws you.
You tentacle-slap the steam dragon. Your squeeze misses the steam dragon.
The steam dragon is heavily wounded.
The steam dragon breathes steam at you. The ball of steam hits you!
You bludgeon the steam dragon! Your squeeze misses the steam dragon.
The steam dragon is almost dead.
You are engulfed in a cloud of scalding steam.
The ice beast hits you. The ice beast freezes you. You resist.
* * * LOW HITPOINT WARNING * * *
The steam dragon bites you but does no damage.
The steam dragon claws you.
* * * LOW HITPOINT WARNING * * *
You completely miss the steam dragon. You squeeze the steam dragon.
You kill the steam dragon!
You are engulfed in a cloud of scalding steam.
You die...

##########
#§.§.....##
#§.§.......
#.§<.....#
#.§......#
#).......#
#.h......#
#Y†........
#........##
#........#
#........#
##########


You could see an ice beast.

Vanquished Creatures
  Grinder (D:3)
  Sigmund (D:3)
  Eustachio (D:4)
  A steam dragon (D:7)
  A black bear (D:5)
  A centaur (D:5)
  2 ogres
  4 scorpions
  A gnoll bouda (D:5)
  A hound (D:5)
  2 orc priests (D:5)
  An iguana (D:4)
  2 orc wizards
  3 gnolls
  6 adders
  A shadow imp (D:3)
  A white imp (D:5)
  3 worms
  2 dart slugs
  9 orcs
  6 ball pythons
  9 bats
  7 endoplasms
  3 giant cockroaches
  4 hobgoblins
  5 kobolds
  6 quokkas
  7 frilled lizards
  4 goblins
  5 rats
100 creatures vanquished.

Notes
Turn   | Place    | Note
-------+----------+-------------------------------------------
     0 | D:1      | bumbalina the Octopode Shapeshifter began the quest for the
                  | Orb.
     0 | D:1      | Reached XP level 1. HP: 13/13 MP: 1/1
   190 | D:1      | Reached XP level 2. HP: 17/18 MP: 2/2
   402 | D:1      | Reached XP level 3. HP: 23/23 MP: 3/3
   406 | D:1      | Reached skill level 1 in Stealth
  1280 | D:2      | Reached XP level 4. HP: 25/28 MP: 4/4
  1315 | D:2      | Reached skill level 4 in Unarmed Combat
  1408 | D:2      | Found a faded altar of an unknown god.
  1515 | D:3      | Noticed Grinder
  1599 | D:3      | Found an ancient bone altar of Kikubaaqudgha.
  1858 | D:3      | Noticed a +0 dagger
  1859 | D:3      | Noticed a +0 dagger
  1859 | D:3      | Noticed a +0 spear
  1859 | D:3      | Noticed a +0 short sword
  1860 | D:3      | Noticed a +0 spear
  1865 | D:3      | Noticed a +0 falchion
  1865 | D:3      | Noticed a +0 short sword
  1866 | D:3      | Noticed a +0 falchion
  1876 | D:3      | Found a hide-covered altar of Uskayaw.
  1980 | D:3      | Noticed a scorpion
  2305 | D:4      | Noticed Eustachio
  2374 | D:4      | Noticed an ogre
  2505 | D:4      | Reached XP level 5. HP: 31/33 MP: 5/5
  2548 | D:4      | Found The Oracle's Delphic Readings.
  2552 | D:4      | Bought a scroll of identify for 20 gold pieces
  2552 | D:4      | Bought a scroll of identify for 20 gold pieces
  2552 | D:4      | Bought a scroll of identify for 20 gold pieces
  2625 | D:4      | Killed an ogre
  2779 | D:4      | Killed Eustachio
  2780 | D:4      | Reached skill level 5 in Unarmed Combat
  2780 | D:4      | Reached XP level 6. HP: 10/38 MP: 6/6
  3065 | D:5      | Entered Level 5 of the Dungeon
  3148 | D:4      | Learned a level 1 spell: Apportation
  3150 | D:4      | Learned a level 1 spell: Summon Small Mammal
  3298 | D:5      | Reached XP level 7. HP: 29/43 MP: 7/7
  3403 | D:5      | Reached skill level 5 in Stealth
  3403 | D:5      | Reached skill level 6 in Unarmed Combat
  3533 | D:5      | Reached skill level 1 in Summonings
  3588 | D:5      | Reached skill level 1 in Translocations
  3664 | D:5      | Found a glowing golden altar of the Shining One.
  3968 | D:5      | Reached XP level 8. HP: 28/48 MP: 8/8
  4147 | D:5      | Found a sparkling altar of Nemelex Xobeh.
  4365 | D:5      | Found a burning altar of Makhleb.
  4473 | D:6      | Found Exaedghunas's Antique Armour Shop.
  4497 | D:6      | Found Fokotoow's Jewellery Shoppe.
  4526 | D:6      | Found Lako Repomi's Jewellery Emporium.
  4910 | D:6      | Found Kosu's Antique Weapon Boutique.
  4943 | D:6      | Found a bloodstained altar of Trog.
  5199 | D:3      | Reached skill level 7 in Unarmed Combat
  5233 | D:3      | Killed Grinder
  5355 | D:3      | Noticed Sigmund
  5366 | D:3      | Killed Sigmund
  5782 | D:6      | Reached skill level 1 in Spellcasting
  6010 | D:6      | Noticed Menkaure
  6225 | D:6      | Found a basalt altar of Yredelemnul.
  6309 | D:7      | Engulfed by a cloud of steam

Illustrated notes

Levels and vault maps discovered:
D:1:      dpeg_arrival_arbitrary_b, layout_rooms, minmay_cut_off
D:2:      minmay_spotlight, layout_basic, basic_ecumenical_altar,
          chequers_serial_rivers_marsh, serial_bayou_ford_a
D:3:      layout_loops_ring, kiku_gazebo_garden_becter,
          nicolae_uskayaw_en_pointe, uniq_sigmund, uniq_grinder
D:4:      layout_basic, nicolae_nh_oracle_at_delphi, uniq_eustachio
D:5:      layout_gridville, kennysheep_mini_moat, tso_metal_star,
          marbit_many_paths
D:6:      layout_layer_cave, mainiacjoe_overflow_cross_hatched,
          mainiacjoe_overflow_paths, serial_shops, shop, shop_fountains, shop,
          nicolae_shop_just_a_little_nook, shop, uniq_menkaure
D:7:      layout_rooms, kennysheep_orc_sif_temple,
          minmay_temple_entry_overgrown, chequers_mini_garden, kb_rosetta

Skill      XL: |  1  2  3  4  5  6  7  8 |
---------------+-------------------------+-----
Stealth        | 2 4 6 |  6.9
Unarmed Combat | 4 5 6 7 |  7.3
Shapeshifting  | 4 |  4.6
Summonings     | 1 2 |  2.2
Translocations | 1 2 |  2.5
Spellcasting   | 1 |  1.0
Fighting       | |  1.7
Dodging        | |  2.8

Action                     |  1- 3 |  4- 6 |  7- 9 || total
---------------------------+-------+-------+-------++-------
  Melee: Unarmed           |    77 |    73 |    68 ||   218
         Tentacles         |    12 |    15 |    16 ||    43
         Constrict         |    19 |    20 |    15 ||    54
         Punch             |     2 |     3 |     2 ||     7
   Cast: Summon Small Mamm |       |       |    11 ||    11
    Use: Scroll            |       |     8 |     2 ||    10
   Stab: Sleeping          |     7 |     6 |    11 ||    24
 Armour: Skin              |    28 |    30 |    35 ||    93
  Dodge: Dodged            |    46 |    38 |    24 ||   108
   Form: Beast             |     1 |       |       ||     1

Table legend: (Time is in decaauts)
 A = Elapsed time spent in this place.
 B = Non-inter-level travel time spent in this place.
 C = Inter-level travel time spent in this place.
 D = Time resting spent in this place.
 E = Time spent auto-exploring this place.
 F = Levels seen in this place.
 G = Mean time per level.
                   A        B        C        D        E       F      G
               +--------+--------+--------+--------+--------+-----+--------+
         Total |   6299 |   6107 |    192 |    496 |   3612 |   7 |  899.9 |
       Dungeon |   6299 |   6107 |    192 |    496 |   3612 |   7 |  899.9 |
               +--------+--------+--------+--------+--------+-----+--------+

Top non-repeatable levels by time:
     D:5: 1623 daAuts
     D:3: 1225 daAuts
     D:4: 981 daAuts
     D:2: 926 daAuts
     D:6: 898 daAuts
     D:1: 635 daAuts
     D:7: 9 daAuts
